[Event "*** Titled Tuesday Blitz"]
[Site "Chess.com"]
[Date "2020.10.20"]
[Round "10"]
[White "Margarita2907"]
[Black "UmarovSabir"]
[Result "1-0"]
[WhiteElo "2185"]
[BlackElo "2324"]
[TimeControl "180+1"]
[EndTime "12:00:34 PDT"]
[Termination "Margarita2907 won by resignation"]

1. e4 g6 2. Nf3 Bg7 3. d4 c6 4. Bd3 d5 5. c3 dxe4 6. Bxe4 Nf6 7. Bc2 O-O 8. O-O Nbd7 9. Nbd2 Re8 10. Re1 c5 11. Nc4 b6 12. Nce5 Nxe5 13. Nxe5 cxd4 14. Bb3 e6 15. Qf3 Rb8 16. cxd4 Bb7 17. Qf4 Rc8 18. Be3 Qe7 19. Rac1 Nd5 20. Bxd5 Bxd5 21. b3 h6 22. Qg3 Kh7 23. Qf4 f6 24. Nd3 Qf7 25. Ne5 Qe7 26. Nd3 Qf7 27. Qg3 g5 28. f4 Qg6 29. Nf2 gxf4 30. Qxg6+ Kxg6 31. Bxf4 Rxc1 32. Rxc1 e5 33. dxe5 fxe5 34. Be3 Rd8 35. Rd1 Bf6 36.
Nd3 Be4 37. Nf2 Rxd1+ 38. Nxd1 Bd5 39. Kf2 Kf5 40. g3 Be6 41. Bxh6 Ke4 42. Bd2 Kd3 43. Bh6 Kc2 44. Ne3+ Kb2 45. g4 Kxa2 46. g5 Bh8 47. b4 Kb3 48. g6 a5 49. bxa5 bxa5 50.
g7 Bxg7 51. Bxg7 e4 52. h4 a4 53. h5 Bf7 54. h6 Bg6 55. Ng4 a3 56. Ke3 a2 57.
Kf4 Kc2 58. Ne3+ Kb1 59. Kg5 Bh7 60. Be5 a1=Q 61. Bxa1 Kxa1 62. Kf6 Kb2 63. Kg7 Kc3 64. Kxh7 Kd3 65. Kg7 Kxe3 66. h7 Kf2 67. h8=Q e3 68.
Qf8+ Ke1 69. Qe7 e2 70. Kf6 Kd1 71. Qd6+ Kc2 72. Qe5 Kd2 73. Qd4+ Kc1 74. Qe3+ Kd1 75. Qd3+ Ke1 76. Ke5 Kf2 77. Qf5+ Kg2 78. Qe4+ Kf1 79. Qf3+ Ke1 80. Ke4 Kd2 81. Qd3+ Ke1 82. Ke3 Kf1 83. Qxe2+ Kg1 84. Kf3 1-0

[Event "*** Titled Tuesday Blitz"]
[Site "Chess.com"]
[Date "2020.10.20"]
[Round "10"]
[White "Fy_Rakotomaharo"]
[Black "Me_ch_an"]
[Result "1-0"]
[WhiteElo "2650"]
[BlackElo "2393"]
[TimeControl "180+1"]
[EndTime "12:00:47 PDT"]
[Termination "Fy_Rakotomaharo won on time"]

1. d4 d5 2. c4 dxc4 3. e3 e5 4. Bxc4 exd4 5. Nf3 Bd6 6. exd4 Nf6 7. O-O O-O 8. h3 h6 9. Qc2 Nc6 10. a3 Re8 11. Nc3 Ne7 12. Ne5 Bxe5 13. dxe5 Nfd5 14. Rd1 c6 15. f4 Qb6+ 16. Qf2 Qxf2+ 17. Kxf2 Be6 18.
Be2 Nxc3 19. bxc3 Red8 20. Be3 Nd5 21. c4 Nc3 22. Rxd8+ Rxd8 23. Bf1 Ne4+ 24. Ke1 c5 25. a4 Ng3 26. Bxc5 Nxf1 27. Kxf1 Bxc4+ 28. Kf2 Rd2+ 29. Ke3 Rxg2 30. Bxa7 Bd5 31. Kd4 Bc6 32. a5 Rf2 33. Kc5 Rxf4 34. a6 Be4 35. Bb8 bxa6 36. e6 Rf5+ 37. Kd4 fxe6 38. Kxe4 a5 39. Be5 Rh5 40. Ra3 Rh4+ 41. Kf3 a4 42. Bg3 Rb4 43. Kg2 Kf7 44. Bd6 Rb2+ 45. Kg1 Rb3 46. Rxa4 Rxh3 47. Kg2 Rb3 48. Rf4+ Kg6 49. Be5 Rb7 50. Rf2 h5 51. Kg3 Kh6 52. Kh3 Rb3+ 53. Kh2 Rb5 54. Bf4+ g5 55. Bd2 Rf5 56. Re2 e5 57. Kh3 Kg6 58. Kg2 h4 59. Bc3 g4 60. Bxe5 Rf3 61. Bb2 h3+ 62. Kh2 Rb3 63. Bd4 Kf5 64. Rf2+ Kg5 65. Bf6+ Kh5 66. Be5 Kg5 67. Bg3 Rf3 68.
Re2 Kf5 69. Re5+ Kg6 70. Ra5 Rb3 71. Bh4 Rb2+ 72. Kg3 Rb4 73. Rg5+ Kh6 74. Rc5 Rb3+ 75. Kxg4 h2 76. Rc6+ Kg7 77. Rc1 Rb2 78. Rh1 Kg6 79.
Bg3 Rb4+ 80. Bf4 Rb2 81. Bxh2 Rb4+ 82. Bf4 Ra4 83. Rh6+ Kg7 84. Rb6 Ra5 85. Be3 Ra4+ 86. Bf4 Rc4 87. Kf5 Rc5+ 88. Be5+ Kf7 89. Rf6+ Kg8 90.
Rg6+ Kf7 91. Rg7+ Kf8 92. Rd7 Rc6 93. Bd6+ Ke8 94. Ke6 1-0

[Event "*** Titled Tuesday Blitz"]
[Site "Chess.com"]
[Date "2020.10.20"]
[Round "10"]
[White "pavelalexandru07"]
[Black "JonahWillow"]
[Result "0-1"]
[WhiteElo "2316"]
[BlackElo "2645"]
[TimeControl "180+1"]
[EndTime "12:00:58 PDT"]
[Termination "JonahWillow won by checkmate"]

1. e4 c5 2. Nf3 Nc6 3. d4 cxd4 4.
Nxd4 g6 5. c4 Nf6 6. Nc3 d6 7.
Be2 Nxd4 8. Qxd4 Bg7 9. Be3 O-O 10. Qd2 a5 11. O-O a4 12. f3 Qa5 13. Rac1 Be6 14. Nd5 Qxd2 15. Nxe7+ Kh8 16. Bxd2 Rfe8 17. Nd5 Nxd5 18.
cxd5 Bxd5 19. Bb5 Re5 20. Bc3 Bxa2 21. Bxe5 Bxe5 22. Rc2 Bb3 23. Rd2 Ra5 24. Bd3 b5 25. f4 Bf6 26. Re1 Bd4+ 27. Kh1 Bc5 28. Rde2 b4 29.
Bb1 a3 30. bxa3 bxa3 31. Ba2 Bxa2 32. Rxa2 Bd4 33. g3 Bb2 34. Rd1 Ra6 35. Rd5 Kg7 36.
Rb5 Ra4 37. Rd5 Ra6 38. Kg2 Rb6 39. Kf3 Kf6 40. Ke2 Ke6 41. Ra5 Rb3 42. Ra6 f6 43. Ra7 h5 44. Rg7 Rc3 45. Rxg6 Rc2+ 46. Kf3 Rxh2 47.
Rg8 Rh1 48. Re8+ Kd7 49. Ra8 Rf1+ 50. Ke2 Rg1 51. Kf2 Rc1 52. Ra5 Rc2+ 53. Kf3 Rc3+ 54.
Kg2 Rc5 55. Ra7+ Ke6 56. Ra8 Rc4 57. Kf3 Rc3+ 58. Kg2 Re3 59. Ra4 Kd7 60. Kf2 Rc3 61. Ra5 Rc2+ 62. Kf3 Rc5 63. Ra7+ Kc6 64. Rf7 Kb5 65.
Rh7 Ka4 66. Rb7 Rc3+ 67. Kg2 Rb3 68. Ra7+ Kb4 69. Rb7+ Kc3 70. Rc7+ Kd2 71. Rc6 Rd3 72. Rb6 Ke3 73. Rbxb2 axb2 74. Rxb2 Kxe4 75. Rb5 d5 76.
Rb6 Kf5 77. Rb5 Kg4 78. Rb2 Rxg3+ 79. Kh2 h4 80. Rb4 f5 81. Rb8 Kxf4 82. Rb4+ Kg5 83.
Rb5 Rd3 84. Rb4 f4 85. Rb5 Kg4 86. Rb4 Rd2+ 87. Kg1 Kg3 88. Kf1 f3 89. Ke1 Ra2 90. Rb8 h3 91. Rg8+ Kf4 92. Rf8+ Ke3 93. Re8+ Kd3 94. Rh8 h2 95. Rh3 h1=Q+ 96. Rxh1 Ra1+ 97. Kf2 Rxh1 98. Kxf3 Re1 99. Kf2 Kd2 100. Kf3 d4 101.
Kf2 d3 102. Kg2 Re2+ 103. Kh3 Ke3 104. Kg3 d2 105. Kh3 d1=Q 106. Kg3 Qf1 107. Kh4 Rg2 108. Kh3 Qh1# 0-1

[Event "*** Titled Tuesday Blitz"]
[Site "Chess.com"]
[Date "2020.10.20"]
[Round "11"]
[White "indfraeng"]
[Black "Omk124"]
[Result "1-0"]
[WhiteElo "2369"]
[BlackElo "2472"]
[TimeControl "180+1"]
[EndTime "12:02:14 PDT"]
[Termination "indfraeng won by resignation"]

1. d4 Nf6 2. c4 g6 3. g3 Bg7 4. Bg2 O-O 5. Nc3 d5 6. cxd5 c6 7. dxc6 Nxc6 8. Nf3 Bg4 9. e3 Ne4 10. Nxe4 Bxf3 11. Bxf3 e6 12. O-O Ne7 13. Nc3 1-0

[Event "*** Titled Tuesday Blitz"]
[Site "Chess.com"]
[Date "2020.10.20"]
[Round "11"]
[White "krasavetc"]
[Black "BJthechessgod"]
[Result "0-1"]
[WhiteElo "2303"]
[BlackElo "2215"]
[TimeControl "180+1"]
[EndTime "12:03:00 PDT"]
[Termination "BJthechessgod won by resignation"]

1. Nf3 Nf6 2. e3 e6 3. Be2 b6 4. O-O Bb7 5. d4 Be7 6. Nc3 O-O 7. Ne5 d5 8. f4 c5 9. dxc5 Bxc5 10. g4 Nbd7 11. Nxd7 Qxd7 12. g5 Ne8 13. Bd3 Nd6 14. Qh5 g6 15. Qh6 d4 16. Na4 Qxa4 17. h4 dxe3 18.
Be2 Qe4 19. Bf3 e2+ 0-1

[Event "*** Titled Tuesday Blitz"]
[Site "Chess.com"]
[Date "2020.10.20"]
[Round "11"]
[White "PauloCesarCosta_sad"]
[Black "Das_Virus_2020"]
[Result "1/2-1/2"]
[WhiteElo "2292"]
[BlackElo "2429"]
[TimeControl "180+1"]
[EndTime "12:03:58 PDT"]
[Termination "Game drawn by agreement"]

1. Nf3 Nf6 2. c4 c5 3. g3 b6 4.
Bg2 Bb7 5. O-O d6 6. Nc3 Nbd7 7. d4 e6 8. b3 a6 9. Bb2 Be7 10. d5 e5 11. Nh4 O-O 12. Nf5 Bc8 13. Qd2 Nb8 14. Qg5 Bxf5 15. Qxf5 1/2-1/2

[Event "*** Titled Tuesday Blitz"]
[Site "Chess.com"]
[Date "2020.10.20"]
[Round "11"]
[White "MashaFromRussia"]
[Black "Colombiano07"]
[Result "0-1"]
[WhiteElo "2387"]
[BlackElo "2248"]
[TimeControl "180+1"]
[EndTime "12:04:04 PDT"]
[Termination "Colombiano07 won by resignation"]

1. d4 d5 2. c4 c6 3. Nf3 Nf6 4. Nc3 a6 5. c5 Nbd7 6. Bf4 Nh5 7. Bd2 Nhf6 8. h3 e5 9. dxe5 Ne4 10. b4 Qe7 11. Nxe4 dxe4 12. Ng5 Qxe5 13. Qb1 Nf6 14. h4 a5 15. b5 Bxc5 16. g3 e3 17. Bxe3 Bxe3 18.
fxe3 Qxg3+ 19. Kd2 O-O 0-1

[Event "*** Titled Tuesday Blitz"]
[Site "Chess.com"]
[Date "2020.10.20"]
[Round "11"]
[White "ChessWarrior7197"]
[Black "GoltsevDmitry2000"]
[Result "1-0"]
[WhiteElo "2981"]
[BlackElo "2691"]
[TimeControl "180+1"]
[EndTime "12:04:09 PDT"]
[Termination "ChessWarrior7197 won by resignation"]

1. e4 c5 2. c3 e6 3. d4 cxd4 4. cxd4 d5 5. exd5 exd5 6. Nc3 Nf6 7. Bd3 Nc6 8. Nge2 Bd6 9. O-O O-O 10. Bf4 Bxf4 11. Nxf4 h6 12. Bc2 Qd6 13. Qd2 a6 14. Rac1 Re8 15. f3 Qb4 16. Rfd1 Be6 17. a3 Qd6 18. Na4 Re7 19. Nc5 b6 20. Ncxe6 fxe6 21. Re1 Nxd4 22. Qxd4 e5 23. Qb4 Qxb4 24. axb4 Rc8 25.
Bh7+ 1-0

[Event "*** Titled Tuesday Blitz"]
[Site "Chess.com"]
[Date "2020.10.20"]
[Round "11"]
[White "szefru"]
[Black "BanjoKazooieN64"]
[Result "0-1"]
[WhiteElo "2242"]
[BlackElo "2379"]
[TimeControl "180+1"]
[EndTime "12:04:15 PDT"]
[Termination "BanjoKazooieN64 won by resignation"]

1. e4 e5 2. Nf3 Nc6 3. Bb5 f5 4.
exf5 Nf6 5. O-O Bc5 6. c3 O-O 7. Bxc6 dxc6 8. d4 exd4 9. cxd4 Bd6 10. Qd3 Nd5 11. Bg5 Qe8 12. Nh4 Qh5 13. Qd2 h6 14. Bxh6 Qxh6 15. Qxh6 gxh6 16. Nc3 Nxc3 17. bxc3 Bxf5 18.
Nxf5 Rxf5 19. Rab1 b6 20. Rbe1 Raf8 21. g3 Rf3 22.
Re3 Rxe3 23. fxe3 Rxf1+ 24. Kxf1 b5 25. e4 Kf7 26. e5 Ba3 27. Kf2 Bb2 0-1

[Event "*** Titled Tuesday Blitz"]
[Site "Chess.com"]
[Date "2020.10.20"]
[Round "11"]
[White "cassoulet"]
[Black "Mikhail_Golubev"]
[Result "1-0"]
[WhiteElo "2682"]
[BlackElo "2543"]
[TimeControl "180+1"]
[EndTime "12:04:17 PDT"]
[Termination "cassoulet won by checkmate"]

1. d4 Nf6 2. c4 g6 3. Nc3 Bg7 4. e4 d6 5. Be2 O-O 6. h4 h5 7.
Bg5 Na6 8. Qd2 Nh7 9. Bh6 Bxh6 10. Qxh6 e5 11. dxe5 dxe5 12. Nf3 Bg4 13. Ng5 Nxg5 14.
hxg5 Bxe2 15. Nd5 Qf6 16. Nxf6# 1-0

[Event "*** Titled Tuesday Blitz"]
[Site "Chess.com"]
[Date "2020.10.20"]
[Round "11"]
[White "TrickyFortem"]
[Black "ajedrezhoy"]
[Result "0-1"]
[WhiteElo "2412"]
[BlackElo "2230"]
[TimeControl "180+1"]
[EndTime "12:04:19 PDT"]
[Termination "ajedrezhoy won by checkmate"]

1. d4 Nf6 2. c4 b6 3. Nc3 Bb7 4. Nf3 g6 5. g3 Bg7 6. Bg2 c5 7. d5 a6 8. O-O b5 9. d6 exd6 10.
Qxd6 b4 11. Na4 Ne4 12. Qf4 O-O 13. Ne5 f5 14. h4 d6 15. Nd3 Bc6 16. Rb1 Bxa4 17.
Bxe4 fxe4 18. Qxe4 Bc6 19. Qe6+ Kh8 20. Bg5 Qd7 21. Qe3 Qh3 22. Nf4 Qh1# 0-1

[Event "*** Titled Tuesday Blitz"]
[Site "Chess.com"]
[Date "2020.10.20"]
[Round "11"]
[White "AliKa2810"]
[Black "ScarpaChess"]
[Result "1-0"]
[WhiteElo "2574"]
[BlackElo "2373"]
[TimeControl "180+1"]
[EndTime "12:04:21 PDT"]
[Termination "AliKa2810 won by resignation"]

1. d4 Nf6 2. Bg5 e6 3. e4 h6 4. Bxf6 Qxf6 5. Nd2 d5 6. Ngf3 Qd8 7. Bd3 Be7 8. O-O O-O 9. Qe2 b6 10. exd5 exd5 11.
Ne5 Bd6 12. f4 c5 13. c3 a5 14. f5 Ba6 15. Bxa6 Nxa6 16. f6 g6 17. Qe3 Kh7 18. Ng4 g5 19. Qh3 1-0

[Event "*** Titled Tuesday Blitz"]
[Site "Chess.com"]
[Date "2020.10.20"]
[Round "11"]
[White "Playgood28"]
[Black "stolencandy13"]
[Result "0-1"]
[WhiteElo "2279"]
[BlackElo "2451"]
[TimeControl "180+1"]
[EndTime "12:04:36 PDT"]
[Termination "stolencandy13 won by resignation"]

1. d4 c6 2. c4 g6 3. Nc3 Bg7 4. Nf3 Nf6 5. Bf4 O-O 6. h3 d5 7. e3 Nbd7 8. cxd5 Nxd5 9. Nxd5 cxd5 10. Bd3 Nf6 11. O-O Bd7 12. Rc1 Rc8 13. Qb3 Bc6 14. Ne5 Qb6 15. Qxb6 axb6 16. Rc2 Nd7 17. Nxd7 Bxd7 18. Rfc1 Rc6 19. b4 Rfc8 20. Bc7 R8xc7 21. Rxc6 Rxc6 22. Rxc6 bxc6 0-1

[Event "*** Titled Tuesday Blitz"]
[Site "Chess.com"]
[Date "2020.10.20"]
[Round "11"]
[White "abhidabhi"]
[Black "Illingworth"]
[Result "0-1"]
[WhiteElo "2813"]
[BlackElo "2906"]
[TimeControl "180+1"]
[EndTime "12:04:40 PDT"]
[Termination "Illingworth won by resignation"]

1. Nf3 c5 2. g3 b6 3. Bg2 Bb7 4. O-O Nf6 5. c4 e6 6. Nc3 Be7 7. d4 cxd4 8. Qxd4 d6 9. Rd1 a6 10. b3 Nbd7 11. Bb2 Rc8 12. Qf4 Qc7 13. Rac1 O-O 14.
e4 Qb8 15. h3 b5 16. cxb5 axb5 17. Ba3 Nc5 18. e5 dxe5 19. Qxe5 Bxf3 20. Bxf3 Qxe5 0-1

[Event "*** Titled Tuesday Blitz"]
[Site "Chess.com"]
[Date "2020.10.20"]
[Round "11"]
[White "Radzio1987"]
[Black "BlackBoarder"]
[Result "1-0"]
[WhiteElo "2809"]
[BlackElo "2605"]
[TimeControl "180+1"]
[EndTime "12:04:51 PDT"]
[Termination "Radzio1987 won by resignation"]

1. c4 e6 2. Nc3 d5 3. d4 Bb4 4. Nf3 Nf6 5. e3 O-O 6. Bd2 a6 7. cxd5 exd5 8. Bd3 Re8 9. Qc2 Nc6 10. h3 Bf8 11. a3 h6 12. g4 Be6 13. g5 hxg5 14. Nxg5 Bd7 15. Bh7+ 1-0

[Event "*** Titled Tuesday Blitz"]
[Site "Chess.com"]
[Date "2020.10.20"]
[Round "11"]
[White "Margarita2907"]
[Black "Unknown_IM"]
[Result "0-1"]
[WhiteElo "2181"]
[BlackElo "2356"]
[TimeControl "180+1"]
[EndTime "12:04:55 PDT"]
[Termination "Unknown_IM won by resignation"]

1. e4 d6 2. Nf3 Nf6 3. Nc3 Nbd7 4.
d4 e5 5. dxe5 dxe5 6. Bc4 Be7 7.
O-O O-O 8. h3 c6 9. Be3 b5 10.
Bb3 a5 11. a4 b4 12. Ne2 Nxe4 13. Re1 Ba6 14. Nc1 Qc7 15. Nd3 Rad8 16. Qc1 c5 17. Ba2 c4 18. Bd2 Nxd2 19. Nxd2 cxd3 0-1

[Event "*** Titled Tuesday Blitz"]
[Site "Chess.com"]
[Date "2020.10.20"]
[Round "11"]
[White "mjray79"]
[Black "Savagelittlemole"]
[Result "1-0"]
[WhiteElo "2421"]
[BlackElo "2583"]
[TimeControl "180+1"]
[EndTime "12:05:05 PDT"]
[Termination "mjray79 won by checkmate"]

1. d4 Nf6 2. c4 e6 3. g3 d5 4. Bg2 dxc4 5. Nf3 Bb4+ 6. Bd2 a5 7. O-O O-O 8. Qc2 Bxd2 9. Nbxd2 b5 10. a4 c6 11. b3 cxb3 12. Nxb3 Ba6 13. Ne5 Nd5 14. Nc5 f6 15. Nxe6 Qe8 16. Nxf8 fxe5 17. Nxh7 Qh5 18. Be4 bxa4 19. Bg6 Qxe2 20. Qf5 Nf6 21. Nxf6+ gxf6 22. Qe6+ Kg7 23. Qf7+ Kh6 24. Qh7+ Kg5 25. h4+ Kg4 26. Qh5+ Kh3 27. Bf5+ Qg4 28. Qxg4# 1-0

[Event "*** Titled Tuesday Blitz"]
[Site "Chess.com"]
[Date "2020.10.20"]
[Round "11"]
[White "kot60"]
[Black "WiktoriaPOL"]
[Result "1-0"]
[WhiteElo "2336"]
[BlackElo "2085"]
[TimeControl "180+1"]
[EndTime "12:05:14 PDT"]
[Termination "kot60 won by resignation"]

1. e4 c5 2. Nc3 Nc6 3. Bc4 g6 4. d3 Bg7 5. f4 e6 6. f5 gxf5 7. Nge2 fxe4 8. dxe4 Qh4+ 9. Ng3 Be5 10. Ne2 Nf6 11. Qd3 Nb4 12. Qb3 Nxe4 13. O-O Nxg3 14.
hxg3 Qh5 15. c3 Nc6 16. Nf4 Bxf4 17. Bxf4 Na5 18. Qa4 Nxc4 19. Qxc4 O-O 20. Bd6 Re8 21. Rae1 b6 22. Rf4 Bb7 23. Rg4+ Kh8 24. Be5+ 1-0

[Event "*** Titled Tuesday Blitz"]
[Site "Chess.com"]
[Date "2020.10.20"]
[Round "11"]
[White "Sokoloco"]
[Black "sjam6687"]
[Result "0-1"]
[WhiteElo "2498"]
[BlackElo "2664"]
[TimeControl "180+1"]
[EndTime "12:05:19 PDT"]
[Termination "sjam6687 won by resignation"]

1. b3 e5 2. Bb2 d6 3. e3 Nf6 4. d4 exd4 5. exd4 d5 6. Nf3 Bb4+ 7.
c3 Bd6 8. Bd3 O-O 9. O-O Bg4 10.
Nbd2 Nbd7 11. c4 c6 12. Qc2 Re8 13. Rfe1 Bxf3 14. Nxf3 h6 15. Ne5 Qc7 16. cxd5 Nxd5 17. Bh7+ Kf8 18. Qf5 N7f6 19. Bc1 Qa5 20. Bxh6 gxh6 21.
Qh5 Nxh5 0-1

[Event "*** Titled Tuesday Blitz"]
[Site "Chess.com"]
[Date "2020.10.20"]
[Round "11"]
[White "GregShahade"]
[Black "Brave_spirit12"]
[Result "1-0"]
[WhiteElo "2651"]
[BlackElo "2474"]
[TimeControl "180+1"]
[EndTime "12:05:23 PDT"]
[Termination "GregShahade won by resignation"]

1. e4 e6 2. d4 d5 3. Nd2 c5 4. exd5 exd5 5. Ngf3 Nc6 6. Bb5 Bd6 7. dxc5 Bxc5 8. O-O Ne7 9. Nb3 Bd6 10. Re1 O-O 11. Bg5 f6 12. Bh4 Bg4 13. Be2 Rc8 14. Bg3 Bxg3 15.
hxg3 Qc7 16. Nfd4 Bxe2 17. Qxe2 Rfe8 18. Qe6+ Kh8 19. Nb5 Qb6 20. Nd6 Ne5 21. Rxe5 fxe5 22. Nf7+ 1-0

[Event "*** Titled Tuesday Blitz"]
[Site "Chess.com"]
[Date "2020.10.20"]
[Round "11"]
[White "YIYUKI"]
[Black "Triumphmate"]
[Result "1-0"]
[WhiteElo "2338"]
[BlackElo "2407"]
[TimeControl "180+1"]
[EndTime "12:05:30 PDT"]
[Termination "YIYUKI won by resignation"]

1. e4 d5 2. exd5 Nf6 3. c4 c6 4. d4 cxd5 5. Nc3 Bg4 6. Qb3 Qc8 7. Bg5 e6 8. Bxf6 gxf6 9. cxd5 Bg7 10. Bb5+ Nd7 11.
dxe6 Bxe6 12. d5 Bf5 13. Nge2 O-O 14. O-O a6 15. Bxd7 Qxd7 16. Ng3 Bg6 17. Rad1 Rac8 18.
f4 f5 19. Rfe1 Qd6 20. Qxb7 Qxf4 21. d6 Rb8 22. Qd5 Rxb2 23. d7 Bxc3 24. d8=Q Rxd8 25. Qxd8+ Kg7 26. Rf1 Qe3+ 27. Kh1 f4 28. Qg5 h6 29. Nf5+ Kh7 30. Qxh6+ 1-0

[Event "*** Titled Tuesday Blitz"]
[Site "Chess.com"]
[Date "2020.10.20"]
[Round "11"]
[White "Morshynska"]
[Black "canary2016"]
[Result "1-0"]
[WhiteElo "2213"]
[BlackElo "1951"]
[TimeControl "180+1"]
[EndTime "12:05:30 PDT"]
[Termination "Morshynska won by checkmate"]

1. e4 e5 2. Nf3 Nf6 3. Nc3 Bb4 4. Bd3 d6 5. h3 O-O 6. O-O c6 7. Ne2 Ba5 8. Ng3 Re8 9. c3 d5 10. Qe2 Nbd7 11. Bc2 Nc5 12. b4 dxe4 13. Ng5 Nd3 14. bxa5 h6 15. N5xe4 Nxe4 16. Qxe4 Nf4 17. Qh7+ Kf8 18.
Ba3+ c5 19. Bxc5+ Re7 20. Qh8# 1-0

[Event "*** Titled Tuesday Blitz"]
[Site "Chess.com"]
[Date "2020.10.20"]
[Round "11"]
[White "niki_2003"]
[Black "lelya96"]
[Result "0-1"]
[WhiteElo "1857"]
[BlackElo "2168"]
[TimeControl "180+1"]
[EndTime "12:05:33 PDT"]
[Termination "lelya96 won by resignation"]

1. d4 d5 2. c4 c6 3. Nf3 Nf6 4. g3 e6 5. Bg2 Be7 6. Nc3 O-O 7. O-O b6 8. b3 Bb7 9. Bb2 Nbd7 10. Qc2 Rc8 11. Rfe1 c5 12. e3 dxc4 13. bxc4 cxd4 14. Nxd4 Bxg2 15. Kxg2 Rxc4 16. Qb3 Rb4 17. Qc2 Qa8+ 18. Kg1 Rc4 19. Qb3 Rfc8 20. Rac1 Ne5 21. Ncb5 a6 22. Na3 Bxa3 23. Bxa3 b5 24. Bd6 Nfd7 25.
Rxc4 Rxc4 26. Ra1 Rxd4 27. exd4 Nf3+ 28. Kf1 Nd2+ 29. Ke2 Nxb3 0-1

[Event "*** Titled Tuesday Blitz"]
[Site "Chess.com"]
[Date "2020.10.20"]
[Round "11"]
[White "northridgehawk"]
[Black "Tenamu"]
[Result "1-0"]
[WhiteElo "2264"]
[BlackElo "2408"]
[TimeControl "180+1"]
[EndTime "12:05:37 PDT"]
[Termination "northridgehawk won by resignation"]

1. e4 e6 2. Nc3 d5 3. d4 Nf6 4. e5 Nfd7 5. Nf3 c5 6. dxc5 Nc6 7. Bf4 Bxc5 8. Bd3 Qb6 9. Qd2 Qxb2 10. Rb1 Qa3 11.
Nb5 Qa4 12. Nc7+ Ke7 13. Nxa8 b6 14. O-O Ba6 15. Nc7 Bxd3 16. cxd3 Rc8 17. Nb5 Bb4 18.
Nc3 Qa5 19. Rxb4 Qxb4 20. Rb1 Qc5 21. Ne2 Na5 22. h4 Qc2 23. Qb4+ Ke8 24. Ned4 Qxd3 25. Bg5 Rc5 26. Re1 h6 27. Be3 Qc4 28. Qb1 g6 29. h5 Nf8 30. hxg6 Nxg6 31. Nxe6 Rc8 32. Ng7+ 1-0

[Event "*** Titled Tuesday Blitz"]
[Site "Chess.com"]
[Date "2020.10.20"]
[Round "11"]
[White "PawnEatingZombie"]
[Black "enriquebutti"]
[Result "1-0"]
[WhiteElo "2132"]
[BlackElo "1992"]
[TimeControl "180+1"]
[EndTime "12:05:46 PDT"]
[Termination "PawnEatingZombie won by resignation"]

1. d4 Nf6 2. c4 e6 3. Nc3 c5 4. d5 exd5 5. cxd5 d6 6. e4 g6 7. Bd3 Bg7 8. h3 O-O 9. Nf3 Re8 10. O-O c4 11. Bxc4 Nxe4 12. Nxe4 Rxe4 13. Bg5 Bf6 14. Bd3 Re8 15. Re1 Rxe1+ 16. Qxe1 Nd7 17. h4 Nc5 18. Bxf6 Qxf6 19. Qe8+ Kg7 20. Bc4 Qxb2 21. Re1 Qf6 22. Ng5 b5 23. Re7 Bb7 24. Rxf7+ 1-0

[Event "*** Titled Tuesday Blitz"]
[Site "Chess.com"]
[Date "2020.10.20"]
[Round "11"]
[White "Kolle05"]
[Black "capatl"]
[Result "1-0"]
[WhiteElo "2309"]
[BlackElo "2489"]
[TimeControl "180+1"]
[EndTime "12:06:02 PDT"]
[Termination "Kolle05 won by resignation"]

1. e4 c5 2. Nf3 e6 3. d4 cxd4 4.
Nxd4 a6 5. c4 d6 6. Nc3 Nd7 7.
Be3 Ngf6 8. Be2 Be7 9. f4 Qc7 10. O-O b6 11. Rc1 Bb7 12. Bf3 O-O 13. b4 Rac8 14. g4 Qxc4 15. Nd5 exd5 16. Rxc4 dxc4 17. Nf5 Rfe8 18. Qd4 Bf8 19. e5 dxe5 20. fxe5 Bxf3 21.
exf6 Nxf6 22. Rxf3 Nxg4 23. Qxg4 g6 24. Nh6+ Bxh6 25.
Bxh6 f5 26. Qd4 Re7 27. Re3 Rf7 28. Qxc4 Rd8 29. Qd5 1-0

[Event "*** Titled Tuesday Blitz"]
[Site "Chess.com"]
[Date "2020.10.20"]
[Round "11"]
[White "Sashadav97"]
[Black "SantoBlue"]
[Result "0-1"]
[WhiteElo "2666"]
[BlackElo "2804"]
[TimeControl "180+1"]
[EndTime "12:06:08 PDT"]
[Termination "SantoBlue won by resignation"]

1. d4 d6 2. e4 Nf6 3. Nc3 e5 4. Nf3 Nbd7 5. Bc4 Be7 6. O-O O-O 7. a4 c6 8. h3 h6 9. Re1 Re8 10. a5 Rb8 11. Bf1 Bf8 12. b3 exd4 13. Nxd4 Nc5 14. Qf3 d5 15. e5 Nfe4 16. Bf4 Nxc3 17. Qxc3 Ne4 18. Qd3 Bb4 19. Rxe4 dxe4 20. Qxe4 Bc3 21. Rd1 c5 22. Bd3 Qxd4 23. Qh7+ Kf8 24. Bxh6 Qxe5 25. f4 Qe3+ 26. Kh2 gxh6 27. Qxh6+ Bg7 0-1

[Event "*** Titled Tuesday Blitz"]
[Site "Chess.com"]
[Date "2020.10.20"]
[Round "11"]
[White "Wilver92"]
[Black "pedro_nascimento85"]
[Result "1-0"]
[WhiteElo "2401"]
[BlackElo "2006"]
[TimeControl "180+1"]
[EndTime "12:06:08 PDT"]
[Termination "Wilver92 won by resignation"]

1. e4 e6 2. d4 d5 3. Nc3 Bb4 4. e5 Ne7 5. a3 Bxc3+ 6. bxc3 c5 7. Qg4 O-O 8. Bd3 f5 9. exf6 Rxf6 10. Nf3 Nbc6 11. Bg5 e5 12. Bxh7+ Kxh7 13. Qh4+ Rh6 14. Bxh6 gxh6 15. dxe5 Ng6 16. Qxd8 Nxd8 17. O-O-O Bg4 18. Rxd5 Bxf3 19. gxf3 b6 20. Rd7+ Kh8 21. Rhd1 Ne6 22. R1d6 Nef4 23. e6 Re8 24. Rxa7 Nxe6 25. Rxb6 Ngf4 26.
Rbb7 h5 27. a4 Rd8 28. a5 Ne2+ 29. Kb2 c4 30. a6 Nc5 31. Rh7+ Kg8 32. Rag7+ Kf8 33.
a7 Ra8 34. Rh8+ Kxg7 35. Rxa8 Nd7 1-0

[Event "*** Titled Tuesday Blitz"]
[Site "Chess.com"]
[Date "2020.10.20"]
[Round "11"]
[White "Sharpchess22"]
[Black "infinitegiantkiller"]
[Result "1-0"]
[WhiteElo "2772"]
[BlackElo "2406"]
[TimeControl "180+1"]
[EndTime "12:06:09 PDT"]
[Termination "Sharpchess22 won by resignation"]

1. d4 e6 2. e4 d5 3. e5 c5 4. c3 Nc6 5. Nf3 f6 6. Bd3 f5 7. O-O Nh6 8. Bg5 Be7 9. Bxh6 gxh6 10.
Na3 O-O 11. Nc2 Kh8 12. Re1 Rg8 13. a3 Bd7 14. b4 b6 15. Qd2 Bg5 16. Qd1 Qf8 17. g3 Be7 18. Ne3 Qg7 19. Ng2 a5 20.
b5 Nd8 21. a4 Nf7 22. c4 cxd4 23. cxd5 exd5 24. e6 Bxe6 25. Rxe6 Bc5 26. Bxf5 Nd6 27. Bd3 Nc4 28. Qe2 Rad8 29. Rd1 Nd6 30. Nfh4 Rge8 31. Nf5 Qg5 32. Nxd6 Rxe6 33. Nf7+ Kg7 34. Qxe6 Rf8 35. Nxg5 1-0

[Event "*** Titled Tuesday Blitz"]
[Site "Chess.com"]
[Date "2020.10.20"]
[Round "11"]
[White "PhileKhoob"]
[Black "AsaHoffmann"]
[Result "1-0"]
[WhiteElo "2533"]
[BlackElo "2380"]
[TimeControl "180+1"]
[EndTime "12:06:13 PDT"]
[Termination "PhileKhoob won by resignation"]

1. e4 d6 2. d4 Nf6 3. Nc3 c6 4. Nf3 Bg4 5. h3 Bh5 6. g4 Bg6 7. Qe2 e6 8. Bg2 d5 9. e5 Ne4 10. O-O Nxc3 11. bxc3 Be7 12. c4 dxc4 13. Qxc4 Nd7 14.
a4 Nb6 15. Qb3 Rb8 16. c4 O-O 17. Be3 Qc7 18. Nd2 Rfd8 19. Ne4 Nd7 20. f4 Bxe4 21. Bxe4 a5 22. Qc2 h6 23. f5 c5 24. d5 Qxe5 25. fxe6 Qg3+ 26. Kh1 Qxh3+ 27. Qh2 Qxe3 28. Rae1 Qd4 29.
exd7 Rxd7 30. Qxb8+ 1-0

[Event "*** Titled Tuesday Blitz"]
[Site "Chess.com"]
[Date "2020.10.20"]
[Round "11"]
[White "Ranindu2003"]
[Black "Maghalashvili"]
[Result "1-0"]
[WhiteElo "2568"]
[BlackElo "2666"]
[TimeControl "180+1"]
[EndTime "12:06:14 PDT"]
[Termination "Ranindu2003 won by resignation"]

1. e4 c5 2. Nf3 d6 3. d4 cxd4 4.
Nxd4 Nf6 5. Nc3 a6 6. h3 e5 7.
Nb3 Be6 8. f4 exf4 9. Bxf4 Nc6 10. Qe2 Qc7 11. O-O-O Ne5 12. Nd5 Bxd5 13. exd5 Be7 14.
g4 Nfd7 15. Nd4 g6 16. Kb1 O-O 17. h4 Rac8 18. h5 g5 19. Bc1 Bf6 20. Bg2 h6 21.
Be4 Bg7 22. c3 Nf6 23. Bc2 Nxd5 24. Rdf1 Qxc3 25. Qe4 Nf6 26. Rxf6 1-0